 Dungeon Crawl Stone Soup version 0.20-a0-1122-gb7cbeb9 (webtiles) character file.

413 Keye the Spear-Bearer (level 6, -2/44 HPs)
             Began as a Merfolk Gladiator on May 12, 2017.
             Killed from afar by an orc wizard (3 damage)
             ... with a magic dart
             ... on level 4 of the Dungeon.
             The game lasted 00:07:45 (4272 turns).

Keye the Spear-Bearer (Merfolk Gladiator)           Turns: 4272, Time: 00:07:46

Health: -2/44      AC:  5    Str: 15    XL:     6   Next: 90%
Magic:  6/6        EV: 14    Int:  7    God:
Gold:   109        SH:  0    Dex: 17    Spells: 5/5 levels left

rFire    . . .     SeeInvis .   a - +0 trident
rCold    . . .     Gourm    .   (no shield)
rNeg     . . .     Faith    .   b - +0 leather armour
rPois    .         Spirit   .   c - +0 helmet
rElec    .         Reflect  .   (no cloak)
rCorr    .         Harm     .   l - +0 pair of gloves
MR       .....                  (no boots)
Stlth    +.........             (no amulet)
Regen    0.2/turn               (no ring)
MPRegen  0.1/turn               (no ring)

@: no status effects
A: change form in water, swift swim, stealthy swim
a: no special abilities


You were on level 4 of the Dungeon.
You were hungry.

You visited 1 branch of the dungeon, and saw 4 of its levels.

You collected 109 gold pieces.

Inventory:

Hand Weapons
 a - a +0 trident (weapon)
Missiles
 d - 3 throwing nets (quivered)
Armour
 b - a +0 leather armour (worn)
 c - a +0 helmet (worn)
 l - a +0 pair of gloves (worn)
Wands
 p - a wand of acid (13/15)
Scrolls
 g - 3 scrolls of remove curse
 j - 2 scrolls of teleportation
Potions
 e - a potion of mutation
 h - a potion of flight
 k - 2 potions of curing
 q - 2 potions of heal wounds
Comestibles
 f - a bread ration
 m - 2 meat rations
 r - a royal jelly


   Skills:
 - Level 2.1 Fighting
 + Level 10.6 Polearms
 - Level 2.0 Throwing
 - Level 4.0 Dodging


You had 5 spell levels left.
You didn't know any spells.

Dungeon Overview and Level Annotations

Branches:
Dungeon (4/15)
 Temple: D:4-7

Altars:
Makhleb

Annotations:
D:4 Sigmund


Message History

2 tomahawks; a leather armour; a mace; a flail; an orc corpse You completely miss the orc wizard.
The orc wizard is lightly wounded.
The orc wizard hits you with a dagger.
* * * LOW HITPOINT WARNING * * *
The orc wizard points at you and mumbles some strange words.
You resist with some effort.
You hit the orc wizard.
The orc wizard is moderately wounded.
The orc wizard gestures at you while chanting.
You resist with some effort. The orc wizard completely misses you.
You hit the orc wizard.
The orc wizard is heavily wounded.
The orc wizard barely misses you. The orc wizard hits you with a dagger.
* * * LOW HITPOINT WARNING * * *
You barely miss the orc wizard.
The orc wizard is heavily wounded.
The orc wizard casts a spell at you. The magic dart hits you!
You die...

#.........####...##.##
+.........'...(.......
#.........####...#####
#.......## ##..#
##.....## ##.# ##...##
#.# ##'## #.# #.# #.#
#@# #.# #oo...... #.#
...#####. .....
##.#.## .# #. . # ##


You could see 2 orc wizards.

Vanquished Creatures
  An ogre (D:4)
  3 orc priests
  Natasha (D:4)
  A worker ant (D:4)
  9 adders
  2 oozes (D:3)
  5 worms
  3 leopard geckos
  13 orcs
  2 giant cockroaches
  4 goblins
  11 hobgoblins
  2 quokkas (D:3)
  2 ball pythons
  9 bats
  5 frilled lizards
  10 kobolds
  5 rats
88 creatures vanquished.

Notes
Turn   | Place    | Note
-------+----------+-------------------------------------------
     0 | D:1      | Keye the Merfolk Gladiator began the quest for the Orb.
     0 | D:1      | Reached XP level 1. HP: 16/16 MP: 1/1
    78 | D:1      | Reached skill level 5 in Polearms
    84 | D:1      | Reached XP level 2. HP: 22/22 MP: 2/2
   586 | D:2      | Reached skill level 6 in Polearms
   586 | D:2      | Reached XP level 3. HP: 27/27 MP: 3/3
   611 | D:2      | Found a faded altar of an unknown god.
   959 | D:2      | HP: 1/27 [poisoned by an adder]
   989 | D:2      | HP: 1/27 [bat (1)]
  1367 | D:2      | Reached skill level 7 in Polearms
  1367 | D:2      | Reached XP level 4. HP: 25/33 MP: 4/4
  1754 | D:3      | Reached skill level 8 in Polearms
  1756 | D:3      | Reached XP level 5. HP: 7/38 MP: 5/5
  2362 | D:3      | Found a burning altar of Makhleb.
  2362 | D:3      | Noticed a green death
  2448 | D:2      | HP: 1/38 [poisoned by an adder]
  2823 | D:3      | Reached skill level 9 in Polearms
  3486 | D:3      | Reached XP level 6. HP: 28/44 MP: 6/6
  3776 | D:4      | Reached skill level 10 in Polearms
  3864 | D:4      | Noticed Sigmund
  4237 | D:4      | Noticed Natasha
  4248 | D:4      | Killed Natasha
  4271 | D:4      | HP: 1/44 [orc wizard/dagger (4)]
  4272 | D:4      | Killed from afar by an orc wizard

Vault maps used:
D:1:      dpeg_arrival_pond, kennysheep_flooded_box, minmay_misc_feat_ornament,
          hangedman_decor_diamond_cutter
D:2:      chequers_ecumenical_altar_simple, grunt_decor_one_mirror,
          grunt_ministairs_2
D:3:      makhleb_altar_promises_db
D:4:      kennysheep_mini_moat, nicolae_qazlal_eye_of_the_storm, uniq_natasha,
          uniq_ijyb, uniq_sigmund

Skill      XL: |  1  2  3  4  5  6 |
---------------+-------------------+-----
Polearms       | 5 6 7 8 9 10 | 10.6
Fighting       | |  2.1
Throwing       | |  2.0
Dodging        | |  4.0

Action                   |  1- 3 |  4- 6 || total
-------------------------+-------+-------++-------
Melee: Trident           |   139 |   224 ||   363
  Use: Scroll            |     3 |     6 ||     9
       Potion            |     1 |       ||     1
 Stab: Distracted        |     1 |       ||     1
       Sleeping          |       |     1 ||     1
  Eat: Chunk             |     1 |     9 ||    10
Armor: Leather armour    |    57 |    49 ||   106
Dodge: Dodged            |   132 |   143 ||   275
